 Dungeon Crawl Stone Soup version 0.28-a0-834-g1a73be5ee4 (webtiles) character file.

Game seed: 142903261197894280

53 croobank the Digger (level 3, -2/26 HPs)
             Began as a Draconian Earth Elementalist on Nov 11, 2021.
             Slain by a gnoll (7 damage)
             ... on level 2 of the Dungeon.
             The game lasted 00:09:32 (855 turns).

croobank the Digger (Draconian Earth Elementalist)   Turns: 855, Time: 00:09:32

Health: -2/26      AC:  5    Str: 11    XL:     3   Next: 62%
Magic:  0/6        EV: 12    Int: 15    God:
Gold:   37         SH:  0    Dex: 11    Spells: 6/7 levels left

rFire   . . .      SeeInvis .   a - +2 long sword (holy)
rCold   . . .      Faith    .   (no shield)
rNeg    . . .      Spirit   .   (armour unavailable)
rPois   .          Reflect  .   (helmet restricted)
rElec   .          Harm     .   (no cloak)
rCorr   .          Rampage  .   (no gloves)
Will    .....                   (no boots)
Stlth   ++........              (no amulet)
HPRegen 0.08/turn               (no ring)
MPRegen 0.10/turn               (no ring)

@: no status effects
A: AC +5, unfitting armour, cold-blooded
a: no special abilities


You were on level 2 of the Dungeon.
You visited 1 branch of the dungeon, and saw 2 of its levels.

You collected 37 gold pieces.

Inventory:

Hand Weapons
 a - a +2 long sword of holy wrath (weapon)
Missiles
 b - 38 stones
 e - 7 poisoned darts
Scrolls
 c - a scroll of immolation
Potions
 f - a potion of attraction {unknown}
 g - a potion of might {unknown}


   Skills:
 + Level 0.1 Fighting
 + Level 1.3 Long Blades
 + Level 1.8 Dodging
 + Level 1.8 Stealth
 + Level 0.1 Unarmed Combat
 + Level 2.5 Spellcasting
 + Level 1.0 Transmutations
 + Level 3.8 Earth Magic


You had 6 spell levels left.
You knew the following spells:

 Your Spells              Type           Power      Damage    Failure   Level
a - Sandblast             Erth           26%        2d8       4%          1

Your spell library contained the following spells:

 Spells                   Type           Power      Damage    Failure   Level
 Passwall                 Tmut/Erth      7%         N/A       12%         2
 Stone Arrow              Conj/Erth      14%        3d7       28%         3
 Petrify                  Tmut/Erth      9%         N/A       61%         4


Dungeon Overview and Level Annotations

Branches:
Dungeon (2/15)

Altars:


Innate Abilities, Weirdness & Mutations

Your plain brown scales are hard. (AC +5)
You cannot fit into any form of body armour.
You are cold-blooded and may be slowed by cold attacks.


Message History

Aiming: Sandblast (safe; 4% risk of failure)
Press: ? - help, Q - select action, (/) - cycle Shift-Dir - straight line, f - gnoll
Aim: a gnoll, wielding a +0 club (82% to hit)
The blast of sand hits the gnoll!
The gnoll is severely wounded.
You slash the gnoll!
You kill the gnoll!
Aiming: Sandblast (safe; 4% risk of failure)
Press: ? - help, Q - select action, (/) - cycle Shift-Dir - straight line, f - gnoll
Aim: a gnoll, wielding a +0 flail (82% to hit)
The blast of sand hits the gnoll.
The gnoll is heavily wounded.
You barely miss the gnoll.
The gnoll is heavily wounded.
The gnoll closely misses you.
Aiming: Sandblast (safe; 4% risk of failure)
Press: ? - help, Q - select action, (/) - cycle Shift-Dir - straight line, f/p - gnoll
Aim: a gnoll, wielding a +0 flail (heavily wounded, 82% to hit)
The blast of sand hits the gnoll!
You kill the gnoll!
Your Long Blades skill increases to level 1!
You don't have enough magic to cast this spell.
You hit the gnoll. You tail-slap the gnoll.
The gnoll is moderately wounded.
The gnoll hits you but does no damage. The gnoll hits you with a +0 flail!
You closely miss the gnoll.
The gnoll is moderately wounded.
The gnoll hits you with a +0 flail!
* * * LOW HITPOINT WARNING * * *
Aiming: Sandblast (safe; 4% risk of failure)
Press: ? - help, Q - select action, (/) - cycle Shift-Dir - straight line, f - gnoll
Aim: a gnoll, wielding a +0 flail (moderately wounded, 82% to hit)
The blast of sand misses the gnoll.
The gnoll misses you.
Okay, then.
Okay, then.
You slash the gnoll!
The gnoll is almost dead.
The gnoll hits you with a +0 flail!
You die...

.............########
.....................
.....................
######.#.##.#.#####.
..#...#.##.#.#
#.#.#.#.##.#.#
#g#.###.##.#.#
#g#.....##+#.#
#g###.)g@....#
#.##.........#
#.##.........#
#.##.........#
#....#######.# ######
.# #


You could see a gnoll.

Vanquished Creatures
  3 gnolls (D:2)
  A dart slug (D:1)
  A ball python (D:1)
  6 bats
  An endoplasm (D:1)
  A goblin (D:1)
  3 kobolds (D:1)
  2 quokkas (D:1)
  4 frilled lizards
  3 rats (D:1)
25 creatures vanquished.

Notes
Turn   | Place    | Note
-------+----------+-------------------------------------------
     0 | D:1      | croobank the Draconian Earth Elementalist began the quest
                  | for the Orb.
     0 | D:1      | Reached XP level 1. HP: 14/14 MP: 3/3
   267 | D:1      | Reached XP level 2. HP: 18/20 MP: 0/5
   433 | D:1      | Found a faded altar of an unknown god.
   846 | D:2      | Reached XP level 3. HP: 19/26 MP: 3/6
   851 | D:2      | Reached skill level 1 in Long Blades
   855 | D:2      | Slain by a gnoll

Illustrated notes

Levels and vault maps discovered:
D:1:      roderic_crossed_star, layout_rooms, hellmonk_ecumenical_altar_blasted
D:2:      layout_basic

Skill      XL: |  1  2  3 |
---------------+----------+-----
Long Blades    | 1 |  1.3
Fighting       | |  0.1
Dodging        | |  1.8
Stealth        | |  1.8
Unarmed Combat | |  0.1
Spellcasting   | |  2.5
Transmutations | |  1.0
Earth Magic    | |  3.8

Action                   || total
-------------------------++-------
Melee: Unarmed           ||    18
       Long sword        ||    37
       Tailslap          ||     5
 Cast: Sandblast         ||    24
  Use: Scroll            ||     2
       Potion            ||     1
Armor: Skin              ||    26
Dodge: Dodged            ||    47

Table legend: (Time is in decaauts)
 A = Elapsed time spent in this place.
 B = Non-inter-level travel time spent in this place.
 C = Inter-level travel time spent in this place.
 D = Time resting spent in this place.
 E = Time spent auto-exploring this place.
 F = Levels seen in this place.
 G = Mean time per level.
                   A        B        C        D        E       F      G
               +--------+--------+--------+--------+--------+-----+--------+
         Total |    868 |    851 |     17 |    149 |    425 |   2 |  434.0 |
       Dungeon |    868 |    851 |     17 |    149 |    425 |   2 |  434.0 |
               +--------+--------+--------+--------+--------+-----+--------+

Top non-repeatable levels by time:
     D:1: 732 daAuts
     D:2: 136 daAuts
